 Dungeon Crawl Stone Soup version 0.28.0-55-gcd9437bce4 (webtiles) character file.

Game seed: 5173154666914728497

198 nerdsy the Grasshopper (level 5, -1/27 HPs)
             Began as a Spriggan Warper on Dec 29, 2022.
             Slain by a hound (3 damage)
             ... on level 4 of the Dungeon.
             The game lasted 00:21:06 (4306 turns).

nerdsy the Grasshopper (Spriggan Warper)            Turns: 4306, Time: 00:21:06

Health: -1/27      AC:  4    Str:  7    XL:     5   Next: 47%
Magic:  10/10      EV: 18    Int: 22    God:
Gold:   83         SH:  0    Dex: 15    Spells: 9/9 levels left

rFire   . . .      SeeInvis +   a - +1 short sword
rCold   . . .      Faith    .   (no shield)
rNeg    . . .      Spirit   .   b - +0 robe
rPois   .          Reflect  .   (helmet restricted)
rElec   .          Harm     .   d - +1 cloak
rCorr   .          Rampage  .   (gloves unavailable)
Will    .....                   (boots unavailable)
Stlth   ++........              (no amulet)
HPRegen 0.09/turn               o - +6 ring of intelligence
MPRegen 0.12/turn               (no ring)

@: very quick
A: very small, no large weapons, unfitting armour, see invisible, speed 3
a: no special abilities


You were on level 4 of the Dungeon.
You visited 1 branch of the dungeon, and saw 4 of its levels.

You collected 113 gold pieces.
You spent 30 gold pieces at shops.

Inventory:

Hand Weapons
 a - a +1 short sword (weapon)
Missiles
 h - 21 arrows
 k - 66 stones (quivered)
 m - 10 boomerangs
Armour
 b - a +0 robe (worn)
 d - a +1 cloak (worn)
 f - a +2 hat of intelligence
 i - a +4 ring mail
 l - a +0 kite shield
Jewellery
 e - a ring of fire
 o - a +6 ring of intelligence (left hand)
Scrolls
 c - a scroll of blinking
 g - 2 scrolls of teleportation
 j - a scroll of identify {unknown}
 p - a scroll of fear {unknown}
Potions
 n - a potion of attraction {unknown}


   Skills:
 + Level 2.6 Fighting
 + Level 4.4 Short Blades
 + Level 1.4 Throwing
 + Level 4.3 Dodging
 + Level 1.7 Stealth
 + Level 2.8 Spellcasting
 + Level 4.8 Translocations


You had 9 spell levels left.
You didn't know any spells.
Your spell library contained the following spells:

 Spells                   Type           Power      Damage    Failure   Level
 Blink                    Tloc           48%        N/A       2%          2
 Gell's Gravitas          Tloc           24%        N/A       5%          3
 Lesser Beckoning         Tloc           24%        N/A       5%          3
 Teleport Other           Tloc           24%        N/A       5%          3
 Foxfire                  Conj/Fire      12%        2x1d4     13%         1
 Conjure Flame            Conj/Fire      3%         6-21      36%         3
 Inner Flame              Hex/Fire       3%         N/A       36%         3
 Manifold Assault         Tloc           24%        N/A       43%         5
 Flame Wave               Conj/Fire      3%         2d4       77%         4


Dungeon Overview and Level Annotations

Branches:
Dungeon (4/15)
 Temple: D:4-7

Altars:

Shops:
D:1 ?


Innate Abilities, Weirdness & Mutations

You are very small and have problems with some larger weapons.
You are too small for most types of armour.
You have supernaturally acute eyesight. (SInv)
You cover ground extremely quickly. (Speed+++)


Message History

Things that are here:
a stone; an iguana corpse You hit the hound.
The hound is lightly wounded.
The hound closely misses you.
You hit the hound.
The hound is lightly wounded.
The hound completely misses you.
You closely miss the hound.
The hound is lightly wounded.
The hound barely misses you.
You barely miss the hound.
The hound is lightly wounded.
The hound misses you. The hound closely misses you.
You hit the hound but do no damage.
The hound is lightly wounded.
The hound barely misses you.
You barely miss the hound.
The hound is lightly wounded.
The hound barely misses you.
You hit the hound.
The hound is lightly wounded.
The hound completely misses you. x2
You hit the hound.
The hound is heavily wounded.
The hound closely misses you.
You hit the hound.
The hound is heavily wounded.
The hound bites you.
* * * LOW HITPOINT WARNING * * *
You completely miss the hound.
The hound is heavily wounded.
The hound misses you. x2
You hit the hound.
The hound is almost dead.
The hound misses you.
You barely miss the hound.
The hound is almost dead.
The hound bites you.
You die...

#....##...###
... ##
#.........##
.. #.
...........#
.###....####
###....#
###.#....#
.#........#
#........###
.......h@..#
...........#
.#........(#
###......##
#.)......
##.......#
...#....#
#...##...#


You could see a hound.

Vanquished Creatures
  An iguana (D:4)
  Natasha (thrice) (D:2)
  A howler monkey skeleton (D:3)
  3 adders
  A worm (D:2)
  A dart slug (D:3)
  2 orcs (D:3)
  6 endoplasms
  A giant cockroach (D:3)
  5 goblins
  5 hobgoblins
  9 jackals
  2 quokkas
  A ball python (D:4)
  5 bats
  4 kobolds
  2 rats
52 creatures vanquished.

Vanquished Creatures (others)
  A plant (D:1)
1 creature vanquished.

Grand Total: 53 creatures vanquished

Notes
Turn   | Place    | Note
-------+----------+-------------------------------------------
     0 | D:1      | nerdsy the Spriggan Warper began the quest for the Orb.
     0 | D:1      | Reached XP level 1. HP: 10/10 MP: 5/5
   456 | D:1      | Found Xeguriu's Magic Scroll Shoppe.
   465 | D:1      | Bought a scroll of teleportation for 30 gold pieces
   473 | D:1      | Reached XP level 2. HP: 11/15 MP: 6/6
   612 | D:1      | Found a faded altar of an unknown god.
  1192 | D:2      | Noticed Natasha
  1194 | D:2      | Noticed a crimson imp
  1201 | D:2      | Noticed a crimson imp
  1214 | D:2      | Noticed a crimson imp
  1217 | D:2      | Killed Natasha
  1218 | D:2      | Reached XP level 3. HP: 8/18 MP: 8/8
  1380 | D:2      | Noticed Natasha
  1393 | D:2      | Killed Natasha
  1417 | D:2      | Noticed Natasha
  1436 | D:2      | Killed Natasha
  1437 | D:2      | Reached XP level 4. HP: 5/23 MP: 9/9
  3441 | D:3      | Reached skill level 1 in Stealth
  3630 | D:3      | Reached XP level 5. HP: 20/27 MP: 10/10
  4306 | D:4      | Slain by a hound

Illustrated notes

Levels and vault maps discovered:
D:1:      tarquinn_simple_flora_water_e, layout_loops_ring, serial_shops,
          nicolae_shop_advertising_works [nicolae_subvault_shop_adworks],
          shapermc_ecumenical_altar_venn
D:2:      layout_basic, uniq_natasha
D:3:      layout_basic
D:4:      layout_cave_pools, lemuel_temple_firewalk_a

Skill      XL: |  1  2  3  4 |
---------------+-------------+-----
Fighting       | 2 |  2.6
Short Blades   | 3 4 |  4.4
Dodging        | 4 |  4.3
Stealth        | 1 |  1.7
Throwing       | |  1.4
Spellcasting   | |  2.8
Translocations | |  4.8

Action                   |  1- 3 |  4- 6 || total
-------------------------+-------+-------++-------
Melee: Short sword       |    88 |   171 ||   259
       Punch             |     2 |     3 ||     5
Throw: Boomerang         |     5 |       ||     5
       Stone             |    11 |    17 ||    28
  Use: Scroll            |     3 |       ||     3
       Potion            |       |     1 ||     1
 Stab: Sleeping          |       |     6 ||     6
Armor: Robe              |    11 |    30 ||    41
Dodge: Dodged            |    67 |   154 ||   221
